 Dungeon Crawl Stone Soup version 0.31-a0-750-gfe7b580527 (webtiles) character file.

Game seed: 5116488369667931275

466 garrulousMonolith the Digger (level 7, -1/36 HPs)
             Began as a Gargoyle Earth Elementalist on Sept 14, 2023.
             Slain by a troll (10 damage)
             ... on level 5 of the Dungeon.
             The game lasted 00:06:57 (4033 turns).

garrulousMonolith the Digger (GrEE)                 Turns: 4033, Time: 00:06:57

Health: -1/36      AC: 14    Str: 11    XL:     7   Next: 8%
Magic:  3/12       EV: 10    Int: 18    God:
Gold:   292        SH:  5    Dex: 10    Spells: 6/12 levels left

rFire   . . .        b - +0 dagger
rCold   . . .        (no shield)
rNeg    + + .        p - +1 ring mail {Will+}
rPois   ∞            (no helmet)
rElec   +            r - +1 cloak
rCorr   .            f - +0 pair of gloves
SInv    +            o - +0 pair of boots
Will    +....        w - amulet of reflection
Stlth   +            j - ring of positive energy
HPRegen 0.26/turn    B - ring of see invisible
MPRegen 0.13/turn

%: reflection
@: hasted, very quick
A: sickness immunity, AC +4, negative energy resistance 1, electricity
resistance, torment resistance 1, petrification resistance
a: no special abilities


You were on level 5 of the Dungeon.
You visited 1 branch of the dungeon, and saw 5 of its levels.
You also visited: Sewer.

You collected 292 gold pieces.

Inventory:

Hand Weapons
 b - a +0 dagger (weapon)
 v - a +0 rapier
 y - a +2 dagger of pain
Missiles
 n - 7 poisoned darts
Armour
 a - a +0 robe
 f - a +0 pair of gloves (worn)
 o - a +0 pair of boots (worn)
 p - a +1 ring mail of willpower (worn)
 r - a +1 cloak (worn)
Jewellery
 j - a ring of positive energy (left hand)
 w - an amulet of reflection (around neck)
 B - a ring of see invisible (right hand)
Wands
 q - a wand of polymorph (8)
Scrolls
 h - 4 scrolls of teleportation
 t - 2 scrolls of revelation
 A - a scroll of immolation
Potions
 c - 2 potions of lignification
 d - a potion of attraction
 e - 4 potions of enlightenment
 l - 2 potions of haste
 u - 3 potions of curing
 z - a potion of mutation


   Skills:
 - Level 1.5 Dodging
 - Level 2.1 Stealth
 + Level 3.4 Spellcasting
 * Level 4.0 Conjurations
 - Level 2.0 Transmutations
 * Level 6.5 Earth Magic


You had 6 spell levels left.
You knew the following spells:

 Your Spells              Type           Power      Damage    Failure   Level
a - Sandblast             Erth           52%        2d12      2%          1
b - Stone Arrow           Conj/Erth      44%        3d9       13%         3
c - Passwall              Tmut/Erth      15%        N/A       10%         2

Your spell library contained the following spells:

 Spells                   Type           Power      Damage    Failure   Level
 Petrify                  Tmut/Erth      18%        N/A       54%         4


Dungeon Overview and Level Annotations

Branches:
Dungeon (5/15)              Sewer (visited)
 Temple: D:4-7

Altars:
Vehumet

Shops:
D:3 :


Innate Abilities, Weirdness & Mutations

You are immune to sickness and miasma.
Your stone body is resilient. (AC +4)
You are immune to poison.
You resist negative energy. (rN+)
You are resistant to electric shocks. (rElec)
You are resistant to unholy torment.
You are immune to petrification.


Message History

Press: ? - help, Shift-Dir - straight line, f/p - troll
Aim: a troll (heavily wounded, 83% to hit)
The blast of sand hits the troll.
The troll is heavily wounded.
Casting: Sandblast (safe; 2% risk of failure)
Confirm with . or Enter, or press ? or * to list all spells.
Aiming: Sandblast (safe; 2% risk of failure)
Press: ? - help, Shift-Dir - straight line, f/p - troll
Aim: a troll (heavily wounded, 83% to hit)
The blast of sand hits the troll.
The troll is severely wounded.
Casting: Sandblast (safe; 2% risk of failure)
Confirm with . or Enter, or press ? or * to list all spells.
Aiming: Sandblast (safe; 2% risk of failure)
Press: ? - help, Shift-Dir - straight line, f/p - troll
Aim: a troll (heavily wounded, 83% to hit)
The blast of sand hits the troll.
The troll is severely wounded.
The troll bites you but does no damage. The troll barely misses you.
The troll closely misses you.
Casting: Sandblast (safe; 2% risk of failure)
Confirm with . or Enter, or press ? or * to list all spells.
Aiming: Sandblast (safe; 2% risk of failure)
Press: ? - help, Shift-Dir - straight line, f/p - troll
Aim: a troll (severely wounded, 83% to hit)
The blast of sand hits the troll!
The troll is almost dead.
The troll bites you! The troll claws you but does no damage.
The troll closely misses you.
Casting: Sandblast (safe; 2% risk of failure)
Confirm with . or Enter, or press ? or * to list all spells.
Aiming: Sandblast (safe; 2% risk of failure)
Press: ? - help, Shift-Dir - straight line, f/p - troll
Aim: a troll (almost dead, 83% to hit)
The blast of sand hits the troll.
The troll is almost dead.
The troll bites you.
* * * LOW HITPOINT WARNING * * *
The troll claws you but does no damage. The troll claws you!
You die...

#..........# #.# #...#...#..#
#.# #..###.###.#####.# ##...
#...#:..#........#####...#####
#....._.................##...
#...#...#...>...##.........# #.
#..###.###......##........##...
#..†#...#....................#
#.............T@..........#
#..#.###........#.........####
##............(.##.............
#################.............
#........#.... ########## ...
.. .


You could see a troll.

Vanquished Creatures
  A scorpion (D:4)
  An orc priest (D:4)
  Natasha (thrice) (D:2)
  An iguana (D:5)
  An orc wizard (D:4)
  A sickly merfolk siren (Sewer)
  A malarious merfolk avatar (Sewer)
  7 adders
  5 river rats (Sewer)
  2 dart slugs
  3 orcs
  4 endoplasms
  4 giant cockroaches (D:3)
  4 goblins
  4 hobgoblins
  4 jackals
  5 quokkas
  14 ball pythons
  11 bats
  4 frilled lizards (Sewer)
  3 kobolds
  21 rats
104 creatures vanquished.

Notes
Turn   | Place    | Note
-------+----------+-------------------------------------------
     0 | D:1      | garrulousMonolith the Gargoyle Earth Elementalist began the
                  | quest for the Orb.
     0 | D:1      | Reached XP level 1. HP: 10/10 MP: 3/3
   178 | D:1      | Reached skill level 1 in Transmutations
   211 | D:1      | Reached skill level 4 in Earth Magic
   211 | D:1      | Reached XP level 2. HP: 15/15 MP: 3/5
   718 | D:2      | Reached XP level 3. HP: 19/19 MP: 4/6
   722 | D:2      | Learned a level 3 spell: Stone Arrow
   725 | D:2      | Learned a level 2 spell: Passwall
   794 | D:2      | Noticed Natasha
   964 | D:2      | Killed Natasha
   965 | D:2      | Reached skill level 1 in Conjurations
   965 | D:2      | Reached XP level 4. HP: 17/24 MP: 3/7
  1207 | D:2      | Noticed Natasha
  1210 | D:2      | Killed Natasha
  1367 | D:2      | Noticed Natasha
  1371 | D:2      | Killed Natasha
  1372 | D:2      | Reached skill level 5 in Earth Magic
  1430 | D:3      | Reached XP level 5. HP: 28/28 MP: 6/8
  1552 | D:3      | Found a glowing drain.
  1607 | Sewer    | Entered a sewer
  1909 | Sewer    | Reached XP level 6. HP: 32/32 MP: 6/10
  2446 | D:3      | Identified the +2 chain mail of the Moon {Str+2 Dex+3}
  2570 | D:3      | Found Oladghics's Book Shoppe.
  2795 | D:3      | Reached skill level 6 in Earth Magic
  3401 | D:4      | Reached XP level 7. HP: 36/36 MP: 5/12
  3940 | D:5      | Entered Level 5 of the Dungeon
  3963 | D:5      | Found a radiant altar of Vehumet.
  3976 | D:5      | Noticed a troll
  4033 | D:5      | Slain by a troll

Illustrated notes

Levels and vault maps discovered:
D:1:      ncdulo_watergridlock, layout_rooms
D:2:      layout_basic, uniq_natasha
D:3:      layout_rooms, serial_shops, nicolae_shop_gibbet_a_chance,
          gup_sewer_entry_glass
D:4:      layout_loops_ring
D:5:      cheibrodos_fzero, layout_rooms, vehumet_crystals,
          uniq_crazy_yiuf_cottage

Skill      XL: |  1  2  3  4  5  6  7 |
---------------+----------------------+-----
Transmutations | 1 2 |  2.0
Earth Magic    | 4 5 6 |  6.5
Conjurations   | 1 2 3 4 |  4.0
Spellcasting   | 3 |  3.4
Dodging        | |  1.5
Stealth        | |  2.1

Action                     |  1- 3 |  4- 6 |  7- 9 || total
---------------------------+-------+-------+-------++-------
  Melee: Dagger            |       |    43 |       ||    43
   Cast: Sandblast         |    29 |   115 |    15 ||   159
    Use: Potion            |     1 |       |     1 ||     2
         Scroll            |     2 |     1 |     9 ||    12
 Armour: Robe              |     8 |       |       ||     8
         Ring mail         |       |   107 |    14 ||   121
  Dodge: Dodged            |     6 |    75 |     9 ||    90
  Block: Other             |       |     1 |     3 ||     4

Table legend: (Time is in decaauts)
 A = Elapsed time spent in this place.
 B = Non-inter-level travel time spent in this place.
 C = Inter-level travel time spent in this place.
 D = Time resting spent in this place.
 E = Time spent auto-exploring this place.
 F = Levels seen in this place.
 G = Mean time per level.
                   A        B        C        D        E       F      G
               +--------+--------+--------+--------+--------+-----+--------+
         Total |   4126 |   4009 |    117 |    705 |   2566 |   6 |  687.7 |
       Dungeon |   3303 |   3186 |    117 |    406 |   2224 |   5 |  660.6 |
         Sewer |    823 |    823 |      0 |    299 |    341 |   1 |  823.0 |
               +--------+--------+--------+--------+--------+-----+--------+

Top non-repeatable levels by time:
     D:4: 988 daAuts
     D:2: 824 daAuts
   Sewer: 823 daAuts
     D:3: 768 daAuts
     D:1: 649 daAuts
     D:5: 72 daAuts
